Map: 幽暗之塔

Players

YouRush (JoJo)

  • Race: Zerg Zerg
  • League: Master

Sen - Winner!

  • Race: Zerg Zerg
  • League: Master

Event: 2016 WCS Winter Challenger Taiwan

VOD

Have the link to the VOD?

Description

Time

  • Played on: Jan. 8, 2016, 5:17 a.m.
  • Length: 8:14

All games in this series

Show
View Real Time Build Order
Export as new Build Order

YouRush Zerg 

Build Orders: Hatch First, Roach Nydus 

Get SALT Encoding   

  12  0:00  Drone  
  13  0:08  Drone  
  14  0:17  Overlord  
  14  0:35  Drone x3  
  17  0:53  Hatchery  
  17  0:57  Drone  
  17  1:10  Spawning Pool  
  16  1:12  Drone  
  16  1:16  Drone, Extractor  
  17  1:20  Drone  
  18  1:30  Drone  
  20  1:40  Drone  
  20  1:50  Drone  
  21  2:02  Zergling x2  
  21  2:04  Queen  
  21  2:05  Queen  
  21  2:06  Overlord  
  26  2:16  Metabolic Boost  
  26  2:19  Drone  
  26  2:20  Drone  
  28  2:29  Drone x2  
  30  2:38  Drone x2  
  30  2:41  Queen x2  
  36  2:57  Overlord  
  36  3:00  Overlord  
  36  3:09  Overlord  
  36  3:11  Extractor  
  35  3:16  Drone  
  35  3:18  Lair  
  36  3:20  Drone x3  
  36  3:21  Drone x3  
  36  3:22  Drone  
  36  3:24  Drone  
  44  3:31  Drone  
  44  3:33  Drone  
  45  3:40  Drone  
  46  3:41  Drone  
  46  3:42  Extractor  
  46  3:46  Queen  
  48  3:51  Drone  
  48  3:52  Drone x2  
  48  3:53  Overlord  
  51  4:02  Extractor  
  50  4:05  Overlord  
  50  4:11  Roach Warren  
  50  4:16  Drone  
  50  4:17  Drone x2  
  52  4:22  Nydus Network, Queen  
  52  4:24  Queen  
  55  4:40  Overlord x2  
  55  4:43  Overseer  
  55  4:57  Roach x6  
  55  4:58  Roach x3  
  73  5:03  Roach x2  
  77  5:08  Roach  
  77  5:09  Roach  
  77  5:11  Roach  
  83  5:15  Overlord  
  83  5:21  Overlord  
  83  5:27  Nydus Canal  
  83  5:37  Roach x4  
  83  5:40  Queen  
  93  5:51  Nydus Canal  
  93  5:54  Overlord, Roach x3  
  93  5:55  Overlord  
  99  5:59  Overlord  
  99  6:02  Glial Reconstitution  
  99  6:10  Nydus Canal  
  89  6:30  Roach x6  
  96  6:47  Roach x2  
  96  6:48  Spore Crawler  
  96  6:49  Spore Crawler  
  91  6:59  Overseer  
  82  7:04  Drone x4  
  82  7:05  Drone x2  
  88  7:18  Roach  
  88  7:19  Roach x3  
  96  7:34  Overlord x2  
  92  7:45  Hatchery, Evolution Chamber  
  92  7:47  Drone  
  92  7:48  Overlord, Drone x2  
Show
View Real Time Build Order
Export as new Build Order

Sen Zerg - Winner!

Build Orders: Pool First 

Get SALT Encoding   

  12  0:00  Drone  
  13  0:08  Drone  
  14  0:15  Drone, Extractor  
  15  0:22  Overlord  
  15  0:37  Spawning Pool  
  15  0:41  Drone  
  15  0:44  Drone  
  15  0:47  Drone  
  17  0:54  Drone  
  18  1:08  Drone  
  19  1:15  Hatchery  
  19  1:16  Extractor  
  17  1:25  Queen  
  17  1:30  Zergling x2  
  20  1:35  Drone  
  20  1:39  Overlord  
  21  1:49  Drone  
  22  2:01  Queen  
  22  2:02  Drone  
  25  2:14  Overlord  
  25  2:21  Drone  
  25  2:22  Metabolic Boost  
  26  2:28  Drone  
  27  2:32  Drone  
  27  2:35  Drone x3  
  31  2:38  Queen  
  33  2:44  Drone  
  33  2:50  Drone x2  
  35  3:06  Baneling Nest  
  35  3:07  Drone  
  35  3:08  Drone x2  
  35  3:11  Drone x4  
  41  3:21  Lair  
  41  3:22  Overlord  
  41  3:32  Overlord  
  41  3:33  Extractor  
  40  3:35  Extractor  
  40  3:38  Drone x2  
  41  3:44  Drone  
  41  3:45  Drone x3  
  41  3:46  Zergling x2  
  46  3:50  Extractor  
  46  3:51  Queen  
  46  3:53  Drone  
  46  3:54  Drone x2  
  50  3:58  Drone  
  50  3:59  Drone  
  52  4:09  Overlord  
  52  4:10  Drone  
  53  4:19  Spire  
  53  4:21  Overseer  
  53  4:23  Drone x2  
  54  4:24  Drone  
  54  4:30  Zergling x4  
  57  4:32  Baneling x3  
  57  4:38  Hatchery  
  56  4:44  Zergling x14  
  63  5:00  Zergling x8  
  63  5:02  Overlord  
  67  5:09  Overlord  
  67  5:14  Baneling x4  
  67  5:22  Overlord  
  67  5:23  Overlord  
  67  5:33  Mutalisk x6  
  79  5:47  Mutalisk  
  79  5:48  Mutalisk  
  82  5:53  Drone x4  
  86  6:01  Extractor  
  86  6:02  Mutalisk  
  86  6:04  Overlord, Extractor  
  87  6:05  Mutalisk  
  85  6:13  Mutalisk  
  85  6:15  Drone x2  
  85  6:17  Drone x3  
  87  6:27  Mutalisk  
  88  6:37  Mutalisk  
  88  6:38  Mutalisk  
  93  6:40  Drone x3  
  93  6:43  Overlord  
  93  6:44  Zergling x10  
  93  6:45  Zergling x2  
  98  7:03  Mutalisk x3  
  104  7:09  Overlord x2  
  104  7:17  Mutalisk x2  
  104  7:20  Overlord x3  
  104  7:21  Overseer  
  108  7:30  Mutalisk  
  108  7:34  Zergling x16  
Tags
 
Add a new tag
Caveats
  • Supply blocks, unpowered buildings, or Contaminate may cause inaccurate times.
  • Supply counts are checked every 10 seconds.